 Dungeon Crawl Stone Soup version 0.27.1-15-g792fb953b9 (webtiles) character file.

Game seed: 2290931179790393561

2034 adizb the Fighter (level 9, -7/81 HPs)
             Began as a Ghoul Berserker on Nov 19, 2021.
             Was a Believer of Trog.
             Killed by divine providence
             ... invoked by an orc priest
              (18 damage)
             ... on level 7 of the Dungeon.
             The game lasted 00:28:27 (4165 turns).

adizb the Fighter (Ghoul Berserker)                 Turns: 4165, Time: 00:28:27

Health: -7/81      AC: 11    Str: 22    XL:     9   Next: 24%
Magic:  8/8        EV:  9    Int:  3    God:    Trog [**....]
Gold:   186        SH:  0    Dex:  9    Spells: 8/8 levels left

rFire    . . .     SeeInvis .     - Unarmed
rCold    + . .     Faith    .   (no shield)
rNeg     + + +     Spirit   .   b - +1 chain mail
rPois    ∞         Reflect  .   (no helmet)
rElec    .         Harm     +   p - scarf {harm}
rCorr    .         Rampage  .   (no gloves)
Will     ++...                  m - +0 pair of boots
Stlth    ..........             (no amulet)
HPRegen  1.00/turn              (no ring)
MPRegen  0.11/turn              (no ring)

@: about to teleport, strong-willed, regenerating
A: claws 1, cold resistance 1, negative energy resistance 3, inhibited
regeneration, torment resistance 2
a: Renounce Religion, Trog's Hand


You were on level 7 of the Dungeon.
You worshipped Trog.
Trog was pleased with you.
You visited 1 branch of the dungeon, and saw 7 of its levels.

You collected 236 gold pieces.
You spent 50 gold pieces at shops.

Inventory:

Armour
 b - a +1 chain mail (worn)
 c - a +0 ring mail of willpower
 m - a +0 pair of boots (worn)
 o - a +0 cloak
 p - a scarf of harm (worn)
Jewellery
 f - an amulet of magic regeneration
Wands
 k - a wand of charming (4)
Scrolls
 a - 2 scrolls of blinking
 e - 3 scrolls of enchant armour
 g - a scroll of identify
 h - a scroll of torment
 i - 2 scrolls of teleportation
 j - a scroll of silence {unknown}
 q - a scroll of enchant weapon {unknown}
Potions
 d - a potion of ambrosia
 l - a potion of berserk rage {unknown}
 n - a potion of flight {unknown}


   Skills:
 * Level 8.3 Fighting
 + Level 4.5 Armour
 + Level 4.6 Dodging
 * Level 8.2 Unarmed Combat


You had 8 spell levels left.
You didn't know any spells.
Your spell library was empty.

Dungeon Overview and Level Annotations

Branches:
Dungeon (7/15)             Temple (0/1) D:6

Altars:
Dithmenos
Elyvilon
Fedhas
Gozag
Okawaru
Zin
The Shining One

Shops:
D:1 (   D:2 ?


Innate Abilities, Weirdness & Mutations

You thrive by killing the living.
You are immune to poison.
You have sharp fingernails.
Your flesh is cold resistant. (rC+)
You are immune to negative energy. (rN+++)
You do not regenerate when monsters are visible.
You are immune to unholy pain and torment.


Message History

You mangle the orc wizard!!
You kill the orc wizard!
Trog accepts your kill.
Trog appreciates your killing of a magic user.
You closely miss the orc warrior.
The orc warrior hits you but does no damage.
You scratch the orc warrior but do no damage.
The orc warrior hits you but does no damage.
Your chain mail prevents you from hitting the orc warrior.
The orc warrior hits you with a +0 dire flail!
You feel the effects of Trog's Hand fading.
You scratch the orc warrior but do no damage.
You barely miss the orc warrior.
The orc priest looks satisfied for a moment.
The orc warrior hits you with a +0 dire flail.
Your chain mail prevents you from hitting the orc warrior.
Your skin stops crawling.
You feel less strong-willed. The orc warrior barely misses you.
You barely miss the orc warrior.
The orc priest mumbles some strange prayers to Beogh against you.
Beogh smites you!
* * * LOW HITPOINT WARNING * * *
Your skin crawls.
You feel strong-willed.
You barely miss the orc warrior. The orc warrior closely misses you.
The orc priest hits you with a +0 dagger.
* * * LOW HITPOINT WARNING * * *
You claw the orc priest!
The orc priest is almost dead.
The orc priest invokes the aid of Beogh against you.
Beogh smites you!
* * * LOW HITPOINT WARNING * * *
The orc warrior barely misses you.
The orc priest hits you but does no damage.
As you read the scroll of teleportation, it crumbles to dust.
You feel strangely unstable.
The orc priest hits you but does no damage.
The orc priest calls down the wrath of Beogh upon you.
Beogh smites you!
You die...

#######.#
##########
#.......#
#o.))....#
#.......#
#.###.####
##.......#
####.# #.#
....>....#
#o...# #.#
.........#
#o#### #.#
.........# #o#
#.#
.........###.#
#.#
..#..###...@.#
#Y# ..#..
####### #.#
#.. #.# #.
##########.#
....#..#
#...Y......#
#...#..#
#.##########
#...#!.# #.#
#...#..# #.#
#...#..# #{#


You could see an orc warrior and 2 orc priests.

Vanquished Creatures
  A water moccasin (D:5)
  A sky beast (D:7)
  3 black bears
  5 necrophages
  An ice beast (D:5)
  An ogre (D:3)
  2 phantoms
  3 scorpions
  A water moccasin zombie (D:5)
  3 bullfrog zombies (D:5)
  A hound (D:5)
  An orc priest (D:4)
  A jelly (D:5)
  Ijyb (D:4)
  3 iguanas
  Terence (D:3)
  2 orc wizards (D:7)
  A hound zombie (D:5)
  A howler monkey zombie (D:5)
  4 gnolls
  6 adders
  A howler monkey skeleton (D:6)
  An adder zombie (D:2)
  2 worms (D:2)
  5 dart slugs
  10 orcs
  5 ball pythons
  6 bats
  2 bat skeletons (D:2)
  9 endoplasms
  A giant cockroach (D:1)
  3 goblins
  9 hobgoblins
  2 jackals (D:2)
  5 kobolds
  6 quokkas
  A ball python zombie (D:2)
  A frilled lizard (D:1)
  A quokka skeleton (D:4)
  2 rats (D:2)
  A bush (D:5)
116 creatures vanquished.

Vanquished Creatures (others)
  2 fungi (D:2)
  11 plants
13 creatures vanquished.

Grand Total: 129 creatures vanquished

Notes
Turn   | Place    | Note
-------+----------+-------------------------------------------
     0 | D:1      | adizb the Ghoul Berserker began the quest for the Orb.
     0 | D:1      | Reached XP level 1. HP: 19/19 MP: 0/0
   112 | D:1      | Reached XP level 2. HP: 8/26 MP: 1/1
   358 | D:1      | Found Molulan's Antique Weapon Shop.
   803 | D:2      | Reached XP level 3. HP: 33/33 MP: 2/2
  1069 | D:2      | Reached ** piety under Trog
  1230 | D:2      | Found Pamilo's Magic Scroll Shop.
  1378 | D:2      | Found a faded altar of an unknown god.
  1410 | D:2      | Bought a scroll of identify for 20 gold pieces
  1410 | D:2      | Bought a scroll of teleportation for 30 gold pieces
  1555 | D:3      | Reached XP level 4. HP: 34/40 MP: 3/3
  1670 | D:3      | Noticed an ogre
  1858 | D:3      | Noticed a phantom
  1890 | D:3      | Killed a phantom
  1891 | D:3      | Reached XP level 5. HP: 20/47 MP: 4/4
  1964 | D:3      | Noticed Terence
  1979 | D:3      | Killed Terence
  2009 | D:3      | Killed an ogre
  2010 | D:3      | Reached skill level 5 in Fighting
  2010 | D:3      | Reached skill level 5 in Unarmed Combat
  2010 | D:3      | Reached XP level 6. HP: 30/56 MP: 5/5
  2057 | D:3      | Found an iron altar of Okawaru.
  2057 | D:3      | Found an opulent altar of Gozag.
  2640 | D:4      | Noticed Ijyb
  2670 | D:4      | Killed Ijyb
  2809 | D:5      | Entered Level 5 of the Dungeon
  2841 | D:5      | Noticed an ice beast
  2854 | D:5      | Killed an ice beast
  2855 | D:5      | Reached XP level 7. HP: 50/62 MP: 6/6
  3083 | D:5      | Found a shadowy altar of Dithmenos.
  3184 | D:5      | Reached XP level 8. HP: 42/71 MP: 7/7
  3359 | D:5      | Found a blossoming altar of Fedhas.
  3706 | D:6      | Found a staircase to the Ecumenical Temple.
  3845 | D:6      | Reached XP level 9. HP: 75/81 MP: 8/8
  4165 | D:7      | Killed from afar by an orc priest

Illustrated notes

Levels and vault maps discovered:
D:1:      amcnicky_arrival_blooded_trapdoor, layout_basic, serial_shops, shop,
          minmay_misc_feat_iff
D:2:      layout_loops_ring, serial_shops, nicolae_shop_waterfront,
          serial_undead, serial_undead_e, serial_undead_d, serial_undead_b,
          serial_undead_a, dreamdust_ecumenical_altar_grove,
          minmay_stone_trees_small
D:3:      layout_rooms, gammafunk_temple_overflow_elements,
          corexii_item_surrounded_by_moat, uniq_terence
D:4:      layout_loops_cross, minmay_close_crescents, uniq_ijyb
D:5:      layout_basic, good_gods_mini_temple,
          nicolae_dithmenos_through_a_glass_darkly, fedhas_altar_decomposition,
          guppyfry_early_lair_pool
D:6:      layout_cave_pools, minmay_temple_entry_antechambers
D:7:      layout_basic, mainiacjoe_overflow_tiny_flanked, uniq_joseph,
          uniq_pikel

Skill      XL: |  1  2  3  4  5  6  7  8  9 |
---------------+----------------------------+-----
Dodging        | 2 3 4 |  4.6
Armour         | 2 3 4 |  4.5
Fighting       | 4 5 6 7 8 |  8.3
Unarmed Combat | 4 5 6 7 8 |  8.2

Action                   |  1- 3 |  4- 6 |  7- 9 || total
-------------------------+-------+-------+-------++-------
Melee: Unarmed           |   135 |   174 |   214 ||   523
       Punch             |     2 |     1 |     5 ||     8
Invok: Trog's Hand       |       |     6 |     3 ||     9
  Use: Scroll            |     3 |     4 |     1 ||     8
Armor: Animal skin       |    12 |       |       ||    12
       Chain mail        |    38 |    90 |    95 ||   223
Dodge: Dodged            |    66 |    65 |    57 ||   188
